 Dungeon Crawl Stone Soup version 0.29.1-15-g9cfb28693d (webtiles) character file.

Game seed: 14964851973474088609

84 Delarado the Changer (level 4, -2/28 HPs)
             Began as an Octopode Transmuter on Apr 26, 2023.
             Slain by an orc wizard
             ... wielding a +0 dagger
              (4 damage)
             ... on level 3 of the Dungeon.
             The game lasted 00:04:54 (2313 turns).

Delarado the Changer (Octopode Transmuter)          Turns: 2313, Time: 00:04:55

Health: -2/28      AC:  1    Str: 11    XL:     4   Next: 46%
Magic:  6/7        EV: 13    Int: 15    God:
Gold:   92         SH:  0    Dex: 12    Spells: 3/7 levels left

rFire   . . .      SeeInvis .     - Unarmed
rCold   . . .      Faith    .   (no shield)
rNeg    . . .      Spirit   .   (helmet currently unavailable)
rPois   .          Reflect  .   (no amulet)
rElec   .          Harm     .   (no ring)
rCorr   .          Rampage  .   (no ring)
Will    .....                   (no ring)
Stlth   ++........              (no ring)
HPRegen 0.09/turn               (no ring)
MPRegen 0.10/turn               (no ring)
                                (no ring)
                                (no ring)

@: confused, appendages
A: tentacle spike 3, almost no armour, amphibious, 8 rings, camouflage 1,
gelatinous body 1, (nimble swimmer 1), tentacles
a: End Transformation


You were on level 3 of the Dungeon.
One of your tentacles had grown a beastly spike.
You visited 1 branch of the dungeon, and saw 3 of its levels.

You collected 124 gold pieces.
You spent 32 gold pieces at shops.

Inventory:

Missiles
 d - 18 stones
 g - 2 boomerangs (quivered)
Jewellery
 f - an amulet of faith
Scrolls
 h - a scroll of noise
 k - a scroll of immolation {unknown}
 m - a scroll of identify {unknown}
 n - a scroll of silence {unknown}
 p - a scroll of brand weapon {unknown}
 r - a scroll of blinking {unknown}
Potions
 a - a potion of lignification
 b - a potion of flight {unknown}
 c - a potion of invisibility {unknown}
 e - 5 potions of curing {unknown}
 i - 2 potions of degeneration
 j - 2 potions of brilliance {unknown}
 l - a potion of resistance {unknown}
 o - a potion of might {unknown}
 q - 2 potions of cancellation {unknown}


   Skills:
 - Level 1.0 Fighting
 - Level 2.0 Dodging
 - Level 3.0 Unarmed Combat
 - Level 2.0 Spellcasting
 + Level 4.1 Transmutations
 + Level 2.0 Poison Magic


You had 3 spell levels left.
You knew the following spells:

 Your Spells              Type           Power      Damage    Failure   Level
a - Beastly Appendage     Tmut           26%        N/A       4%          1
b - Spider Form           Tmut/Pois      10%        N/A       19%         3

Your spell library contained the following spells:

 Spells                   Type           Power      Damage    Failure   Level
 Sting                    Tmut/Pois      40%        1d5       6%          1
 Wereblood                Tmut           13%        N/A       6%          2
 Poisonous Vapours        Pois/Air       8%         N/A       22%         2
 Ignite Poison            Fire/Tmut/Pois 7%         N/A       28%         3
 Conjure Flame            Conj/Fire      1%         6-21      54%         3
 Ice Form                 Ice/Tmut       7%         N/A       67%         4
 Olgreb's Toxic Radiance  Pois           7%         N/A       67%         4
 Sticky Flame             Conj/Fire      1%         2d3       91%         4
 Freezing Cloud           Conj/Ice/Air   0%         6-21      99%         5
 Simulacrum               Ice/Necr       0%         N/A       100%        6
 Polar Vortex             Ice            0%         N/A       100%        9


Dungeon Overview and Level Annotations

Branches:
Dungeon (3/15)

Altars:

Shops:
D:1 !?


Innate Abilities, Weirdness & Mutations

One of your tentacles has grown a beastly spike.
You cannot wear most types of armour.
You are amphibious.
You can wear up to eight rings at the same time.
Your skin changes colour to match your surroundings (Stealth+).
Your rubbery body absorbs attacks. (AC +1, EV +1)
((You are camouflaged when in or above water. (Stealth+)))
You have tentacles for arms and can constrict up to eight enemies at once.


Message History

The orc priest is severely wounded.
You constrict the orc priest, but do no damage.
The orc priest hits you with a +0 flail.
You tentacle-slap the orc priest.
The orc priest is severely wounded.
You constrict the orc priest, but do no damage.
The orc priest escapes!
You tentacle-slap the orc priest but do no damage.
You grab the orc priest.
You pierce the orc priest.
You kill the orc priest!
Your Transmutations skill increases to level 4!
Your Poison Magic skill increases to level 2!
You have reached level 4!
You tentacle-slap the orc. Your grab misses the orc.
Your squeeze misses the orc.
The orc is moderately wounded.
The orc hits you with a +0 flail!
* * * LOW HITPOINT WARNING * * *
The orc wizard gestures wildly while chanting.
The orc wizard flickers and vanishes!
Deactivating autopickup; reactivate with Ctrl-A.
You are too injured to fight recklessly!
You tentacle-slap the orc.
You kill the orc!
You hear some strange, mumbled words.
A puff of flame appears from out of thin air!
The puff of flame misses you.
Things that are here:
a +0 flail; a +0 hand axe; an orc corpse You barely miss something.
Your tentacle spike misses something.
Something hits you.
* * * LOW HITPOINT WARNING * * *
You tentacle-slap something.
Your tentacle spike misses something.
Your squeeze misses something. Something hits you.
* * * LOW HITPOINT WARNING * * *
You completely miss something.
Your tentacle spike misses something.
You hear some strange, mumbled words.
You are confused.
You're too confused to move!
Something hits you.
You die...

#####################
............)@{......
#######.####.########
#.# #.# #.## #.# #..#
#.# ########.###.#
###..........<.#
..#.######.##..#
#.#.# #.# .....


There were no monsters in sight!

Vanquished Creatures
  An orc priest (D:3)
  An adder (D:2)
  2 dart slugs
  2 orcs (D:3)
  4 endoplasms
  2 giant cockroaches (D:1)
  A goblin (D:2)
  4 hobgoblins
  3 jackals (D:2)
  A kobold (D:2)
  2 quokkas
  5 ball pythons
  6 bats
  3 frilled lizards
  2 rats
39 creatures vanquished.

Notes
Turn   | Place    | Note
-------+----------+-------------------------------------------
     0 | D:1      | Delarado the Octopode Transmuter began the quest for the
                  | Orb.
     0 | D:1      | Reached XP level 1. HP: 13/13 MP: 3/3
     6 | D:1      | Noticed a killer bee
     6 | D:1      | Noticed a komodo dragon
     6 | D:1      | Noticed a black bear
     7 | D:1      | Noticed a swamp worm
     7 | D:1      | Noticed a rime drake
   502 | D:1      | Reached XP level 2. HP: 18/18 MP: 3/5
   569 | D:1      | Reached skill level 3 in Transmutations
   614 | D:1      | Found Qoolonod's Magic Scroll Emporium.
   623 | D:1      | Bought a scroll of noise for 12 gold pieces
   661 | D:1      | Found Figoot's Distillery.
   667 | D:1      | Bought 2 potions of degeneration for 20 gold pieces
   947 | D:2      | Reached XP level 3. HP: 20/23 MP: 4/6
  1356 | D:2      | Learned a level 3 spell: Spider Form
  2017 | D:3      | Found a faded altar of an unknown god.
  2089 | D:3      | Reached skill level 1 in Poison Magic
  2307 | D:3      | Reached skill level 4 in Transmutations
  2307 | D:3      | Reached XP level 4. HP: 16/28 MP: 5/7
  2313 | D:3      | Slain by an orc wizard

Illustrated notes

Levels and vault maps discovered:
D:1:      onia_arrival_zoo_common, layout_loops_cross, serial_shops,
          nicolae_shop_stone, shop
D:2:      layout_loops_ring, columned_hall_lemuel
D:3:      layout_loops_ring, hellmonk_ecumenical_altar_pennies_from_heaven,
          hangedman_decor_points, lexackson_kobold_supper

Skill      XL: |  1  2  3 |
---------------+----------+-----
Transmutations | 3 4 |  4.1
Poison Magic   | 2 |  2.0
Fighting       | |  1.0
Dodging        | |  2.0
Unarmed Combat | |  3.0
Spellcasting   | |  2.0

Action                   |  1- 3 |  4- 6 || total
-------------------------+-------+-------++-------
Melee: Unarmed           |    70 |     5 ||    75
       Kick              |    22 |       ||    22
       Tentacles         |    14 |       ||    14
       Constrict         |    17 |       ||    17
       Punch             |     1 |       ||     1
Throw: Boomerang         |    10 |       ||    10
 Cast: Beastly Appendage |    27 |       ||    27
 Stab: Sleeping          |     6 |       ||     6
       Distracted        |     1 |       ||     1
Armor: Skin              |     2 |       ||     2
Dodge: Dodged            |    33 |     1 ||    34
